Map: Submarino EE

Players

AgentHippo

  • Race: Protoss Protoss
  • League: Platinum
  • Spawn Location: 11:00

MrFercho - Winner!

  • Race: Zerg Zerg
  • League: Gold
  • Spawn Location: 5:00

VOD

Have the link to the VOD?

Description

Time

  • Played on: July 23, 2020, 10:56 p.m.
  • Length: 17:22
Show
View Real Time Build Order
Export as new Build Order

AgentHippo Protoss 

Build Orders:  

Get SALT Encoding   

  12  0:00  Probe  
  13  0:13  Probe  
  14  0:21  Pylon  
  14  0:25  Probe  
  15  0:32  Assimilator  
  15  0:38  Probe  
  16  0:46  Gateway, Probe  
  16  0:55  Probe  
  18  1:05  Probe  
  18  1:10  Assimilator  
  19  1:15  Probe  
  20  1:23  Probe  
  20  1:31  Probe  
  21  1:39  Cybernetics Core  
  22  1:41  Gateway  
  22  1:44  Probe  
  23  1:56  Warp Gate  
  23  2:08  Pylon  
  23  2:13  Pylon  
  23  2:26  Zealot  
  23  2:29  Nexus  
  25  2:35  Probe  
  26  2:47  Probe  
  27  2:54  Forge  
  27  2:59  Probe  
  28  3:11  Probe  
  29  3:23  Twilight Council  
  29  3:28  Protoss Ground Weapons Level 1  
  29  3:34  Probe  
  30  3:45  Photon Cannon  
  30  3:46  Probe  
  31  3:49  Charge  
  31  3:50  Pylon  
  31  3:56  Pylon  
  31  4:04  Probe x2  
  33  4:10  Zealot x2  
  33  4:16  Probe  
  33  4:17  Probe  
  39  4:28  Probe  
  39  4:29  Probe  
  39  4:30  Gateway  
  41  4:33  Gateway  
  41  4:38  Stalker x2  
  45  4:40  Probe  
  45  4:41  Probe  
  47  4:53  Pylon  
  47  4:57  Robotics Facility  
  47  4:58  Probe x2  
  49  5:00  Assimilator  
  49  5:03  Assimilator  
  49  5:04  Stalker  
  51  5:08  Stalker  
  51  5:10  Probe  
  51  5:11  Probe, Protoss Ground Weapons Level 2  
  55  5:22  Photon Cannon  
  55  5:23  Probe x2  
  57  5:46  Observer  
  58  5:53  Zealot x2  
  58  5:54  Zealot x2  
  66  6:12  Gateway  
  66  6:13  Gateway  
  66  6:15  Gateway  
  62  6:26  Zealot x4  
  60  6:33  Photon Cannon  
  60  6:34  Pylon  
  60  6:41  Shield Battery  
  60  6:52  Stalker  
  60  6:53  Stalker x3  
  68  7:07  Templar Archives  
  68  7:11  Dark Shrine  
  54  7:22  Zealot x2  
  56  7:23  Zealot x2  
  56  7:24  Protoss Ground Armor Level 1  
  56  7:25  Stalker x3  
  66  7:43  Zealot x3  
  72  7:45  Stalker  
  72  7:48  Stalker x3  
  70  8:16  Stalker x2  
  70  8:17  Stalker x3  
  70  8:18  Zealot x2  
  82  8:23  Probe  
  77  8:30  Nexus  
  77  8:33  Pylon  
  73  8:45  Dark Templar  
  73  8:46  Dark Templar  
  73  8:47  Dark Templar  
  79  8:59  Immortal  
  83  9:07  Photon Cannon  
  83  9:11  Photon Cannon  
  80  9:46  Stalker  
  80  9:47  Stalker x5  
  80  9:48  Stalker  
  90  9:52  Shield Battery  
  90  10:01  Probe x3  
  93  10:07  Protoss Ground Weapons Level 3  
  93  10:11  High Templar x2  
  93  10:12  High Templar x2  
  93  10:13  Probe x2  
  93  10:14  Probe  
  104  10:15  Zealot  
  104  10:19  Zealot  
  108  10:27  Pylon x2  
  108  10:38  Observer  
  97  11:13  Zealot  
  97  11:14  Zealot x2  
  97  11:16  High Templar x4  
  58  11:47  Archon  
  58  11:48  Archon  
  58  11:58  Photon Cannon  
  58  11:59  Photon Cannon  
  58  12:00  Photon Cannon x2, Shield Battery  
  50  12:04  Zealot x3  
  50  12:05  Zealot x4  
  64  12:09  Psionic Storm  
  64  12:14  Immortal  
  64  12:15  Assimilator  
  64  12:19  Assimilator  
  64  12:23  Gateway x2  
  64  12:25  Gateway  
  68  12:36  Probe x2  
  68  12:37  Probe  
  71  12:41  High Templar  
  71  12:42  High Templar x3  
  71  12:43  High Templar x2  
  83  12:44  Stalker  
  83  12:46  Archon  
  83  12:47  Archon x2  
  83  12:48  Probe  
  83  12:50  Protoss Ground Armor Level 2  
  86  12:53  Immortal  
  90  13:26  Robotics Bay  
  90  13:27  Stalker x4  
  90  13:28  Stalker x2  
  90  13:29  Stalker x4  
  110  13:45  Warp Prism  
  100  14:13  Zealot x2  
  100  14:14  Zealot x5  
  100  14:15  Zealot x3  
  74  14:51  Photon Cannon  
  74  14:52  Photon Cannon  
  68  14:58  Sentry  
  68  14:59  Sentry, Zealot  
  74  15:00  Zealot x5  
  74  15:01  Zealot x2  
  74  15:03  Nexus  
  74  15:05  Pylon  
  88  15:07  Pylon  
  88  15:34  Stalker x2  
  88  15:35  Stalker  
  92  15:57  Photon Cannon  
  92  15:59  Photon Cannon, Zealot x2  
  92  16:00  Zealot x2  
  92  16:01  Photon Cannon  
  92  16:02  Photon Cannon  
  100  16:04  Photon Cannon  
  100  16:07  Photon Cannon, Assimilator  
  100  16:08  Assimilator, Photon Cannon  
  100  16:09  Shield Battery  
  100  16:13  Shield Battery  
  100  16:14  Shield Battery  
  100  16:17  Shield Battery  
  86  16:32  Zealot x2  
  66  16:33  Zealot x4  
  66  16:34  Zealot x2  
  66  16:35  Zealot  
  66  16:36  Zealot  
  72  16:56  High Templar x3  
  72  16:57  Zealot x2  
  72  16:58  Zealot x3  
  56  17:09  Zealot x2  
Show
View Real Time Build Order
Export as new Build Order

MrFercho Zerg - Winner!

Build Orders: Hatch First, Lurkers 

Get SALT Encoding   

  12  0:02  Drone  
  13  0:13  Overlord  
  13  0:16  Drone  
  14  0:31  Drone x2  
  16  0:50  Hatchery  
  16  0:52  Drone  
  17  0:57  Drone  
  17  1:00  Drone  
  18  1:06  Extractor  
  17  1:20  Spawning Pool  
  17  1:21  Drone  
  17  1:23  Drone  
  18  1:31  Drone  
  19  1:43  Drone  
  20  1:51  Overlord  
  20  2:08  Queen x2  
  20  2:11  Zergling x4  
  26  2:18  Drone x2  
  28  2:24  Drone  
  29  2:30  Overlord  
  29  2:36  Drone x2  
  31  2:50  Lair  
  31  2:51  Metabolic Boost  
  31  2:57  Drone x4  
  35  3:07  Drone x2  
  37  3:16  Drone  
  38  3:29  Drone x6  
  44  4:05  Evolution Chamber  
  43  4:11  Zergling x2  
  43  4:12  Overlord x3  
  43  4:13  Overlord, Roach Warren  
  43  4:17  Extractor, Queen  
  43  4:18  Extractor  
  43  4:33  Zergling x8  
  43  4:34  Zergling x6  
  50  4:40  Baneling Nest  
  49  5:00  Glial Reconstitution  
  49  5:02  Roach  
  49  5:03  Roach x6  
  63  5:13  Drone  
  64  5:17  Drone  
  64  5:18  Drone x3  
  64  5:19  Drone  
  69  5:23  Zerg Missile Weapons Level 1  
  69  5:27  Baneling x3  
  69  5:29  Drone x3  
  69  5:30  Drone  
  73  5:38  Overlord  
  73  5:53  Roach  
  73  5:54  Overlord x2  
  73  5:55  Drone  
  76  6:23  Hatchery  
  67  6:46  Baneling x8  
  67  6:47  Baneling  
  67  6:50  Roach x3  
  67  6:51  Roach x6  
  85  6:55  Queen  
  81  7:27  Drone  
  81  7:28  Drone x7  
  81  7:29  Drone  
  90  7:35  Extractor  
  89  7:51  Hatchery  
  89  7:54  Hatchery  
  89  7:55  Hydralisk Den  
  76  7:59  Roach x7  
  76  8:00  Roach  
  86  8:08  Zerg Missile Weapons Level 2  
  78  8:16  Roach x8  
  82  8:40  Drone x4  
  82  8:41  Drone x5  
  91  8:43  Extractor  
  91  8:44  Extractor  
  91  8:47  Grooved Spines  
  89  8:50  Drone  
  89  8:51  Drone, Infestation Pit  
  90  8:59  Overseer x4  
  90  9:01  Overlord x4  
  90  9:11  Hydralisk x3  
  96  9:42  Spore Crawler  
  87  9:52  Spore Crawler  
  82  9:53  Drone x5  
  82  9:56  Drone x2  
  82  9:57  Drone x6  
  82  9:58  Muscular Augments  
  95  10:01  Spore Crawler  
  95  10:04  Spine Crawler  
  95  10:06  Queen  
  95  10:07  Spine Crawler  
  94  10:16  Spine Crawler  
  94  10:19  Hydralisk x6  
  105  10:31  Zergling x2  
  105  10:32  Zergling x8  
  94  10:58  Hydralisk x5  
  94  10:59  Hydralisk x3  
  94  11:03  Baneling  
  94  11:04  Baneling x9  
  110  11:05  Zergling x4  
  102  11:35  Hydralisk x10  
  111  11:42  Hive  
  107  11:47  Lurker Den  
  107  11:49  Hydralisk x4  
  107  11:50  Spire  
  113  12:04  Drone x4  
  113  12:06  Drone  
  118  12:22  Hatchery  
  117  12:23  Hydralisk x8  
  117  12:27  Hatchery  
  132  12:48  Lurker x2  
  132  12:50  Overlord x4  
  132  12:51  Overlord x11  
  134  12:57  Extractor  
  133  13:05  Seismic Spines  
  133  13:07  Drone  
  133  13:09  Drone x3  
  133  13:10  Drone x7  
  144  13:15  Lurker  
  144  13:16  Lurker x2  
  147  13:35  Zergling x24  
  147  13:36  Zergling x2  
  160  14:02  Adaptive Talons  
  160  14:06  Hatchery  
  143  14:20  Drone x8  
  143  14:21  Drone x7  
  142  14:54  Hydralisk x14  
  142  14:55  Hydralisk x3  
  142  14:59  Greater Spire  
  176  15:06  Evolution Chamber  
  175  15:07  Evolution Chamber  
  174  15:20  Spore Crawler  
  173  15:23  Spine Crawler  
  173  15:26  Spine Crawler  
  173  15:27  Spine Crawler  
  170  15:33  Extractor  
  170  15:34  Extractor  
  168  15:58  Hydralisk  
  168  15:59  Hydralisk x14  
  179  16:34  Drone x10  
  179  16:35  Drone x5  
  194  16:42  Queen  
Tags
 
Composition
Lurkers
Matchup
PvZ
Replay Pack
MrFercho
Spawn Locations
Cross Positions
Add a new tag
Caveats
  • Supply blocks, unpowered buildings, or Contaminate may cause inaccurate times.
  • Supply counts are checked every 10 seconds.